Map: Catalyst LE

Players

HeRoMaRinE - Winner!

  • Race: Terran Terran
  • Spawn Location: 5:00

Kelazhur

  • Race: Terran Terran
  • Spawn Location: 11:00

Event: IEM Season 12 - Katowice

VOD

Have the link to the VOD?

Description

Time

  • Played on: Feb. 27, 2018, 6:17 a.m.
  • Length: 6:35

All games in this series

Show
View Real Time Build Order
Export as new Build Order

HeRoMaRinE Terran - Winner!

Build Orders: Cyclone Opening 

Get SALT Encoding   

  12  0:00  SCV  
  13  0:13  SCV  
  14  0:20  Supply Depot  
  14  0:25  SCV  
  14  0:27  Refinery  
  15  0:42  SCV  
  16  0:45  Barracks  
  16  0:54  SCV  
  16  0:55  Refinery  
  17  1:06  SCV  
  18  1:18  SCV  
  19  1:32  Orbital Command, Factory  
  19  1:37  Reaper  
  20  1:45  Supply Depot  
  20  1:57  SCV  
  21  2:09  Reaper, SCV  
  23  2:16  Cyclone  
  23  2:21  SCV  
  27  2:33  SCV  
  27  2:36  Command Center  
  28  2:48  Cyclone, Barracks Reactor  
  31  2:52  Supply Depot  
  31  3:13  SCV  
  31  3:25  SCV  
  31  3:35  Cyclone x2  
  31  3:37  SCV  
  38  3:50  SCV  
  36  4:00  Engineering Bay  
  36  4:02  SCV  
  35  4:07  Cyclone  
  35  4:08  Orbital Command  
  35  4:09  Cyclone  
  41  4:14  SCV  
  42  4:26  SCV  
  42  4:30  Missile Turret x2  
  43  4:37  SCV  
  43  4:38  SCV  
  43  4:39  Cyclone  
  43  4:44  Cyclone  
  48  4:49  SCV  
  48  4:50  Supply Depot, SCV  
  50  5:01  SCV  
  50  5:02  SCV  
  52  5:12  Cyclone  
  52  5:14  SCV  
  56  5:16  Cyclone  
  56  5:20  Supply Depot  
  59  5:27  SCV x2  
  55  5:41  SCV x2, Refinery  
  57  5:42  Refinery  
  57  5:44  Cyclone  
  60  5:50  Cyclone  
  60  5:53  SCV x2  
  62  6:05  SCV x2  
  63  6:19  SCV x2  
  60  6:32  Command Center  
Show
View Real Time Build Order
Export as new Build Order

Kelazhur Terran 

Build Orders: 1/1/1, Cyclone Opening 

Get SALT Encoding   

  12  0:00  SCV  
  13  0:12  SCV  
  14  0:17  Supply Depot  
  14  0:24  SCV  
  14  0:27  Refinery  
  15  0:39  SCV  
  16  0:45  Barracks  
  16  0:51  SCV  
  16  0:55  Refinery  
  17  1:03  SCV  
  18  1:15  SCV  
  19  1:32  Orbital Command, Factory  
  19  1:35  Reaper  
  20  1:45  Supply Depot  
  20  1:57  SCV  
  21  2:07  Reaper  
  22  2:09  SCV  
  23  2:18  Starport  
  23  2:20  Cyclone  
  26  2:23  SCV  
  27  2:35  SCV  
  28  2:37  Supply Depot  
  28  2:40  Barracks Tech Lab  
  28  2:47  SCV  
  29  2:53  Hellion  
  31  2:59  SCV  
  31  3:02  Cloaking Field, Banshee  
  35  3:08  Supply Depot  
  35  3:11  SCV  
  36  3:23  Cyclone  
  36  3:26  SCV  
  37  3:31  Supply Depot  
  37  3:38  Supply Depot  
  37  3:39  Supply Depot  
  37  3:40  SCV  
  37  3:54  SCV  
  35  4:06  SCV  
  35  4:07  Raven  
  38  4:19  Command Center  
  38  4:24  SCV  
  38  4:30  Barracks Reactor  
  39  4:41  SCV  
  39  4:43  Factory Tech Lab  
  37  4:50  Banshee  
  40  4:58  Bunker  
  40  5:00  SCV  
  40  5:06  Marine x2  
  43  5:08  Siege Tank  
  45  5:24  Marine  
  45  5:27  Marine, Command Center  
  46  5:33  Banshee  
  46  5:40  SCV  
  46  5:42  Marine  
  48  5:47  Marine  
  48  5:56  Siege Tank  
  48  5:59  Marine  
  47  6:05  Marine  
  47  6:07  SCV  
  44  6:19  SCV  
  44  6:23  Command Center  

Tags
 
Add a new tag
Caveats
  • Supply blocks, unpowered buildings, or Contaminate may cause inaccurate times.
  • Supply counts are checked every 10 seconds.